 Dungeon Crawl Stone Soup version 0.26-a0-27-g1f0226971c (webtiles) character file.

Game seed: 5878328944350156761, levelgen mode: deterministic

9 Lugonue the Stinger (level 2, 0/19 HPs)
             Began as a Demonspawn Venom Mage on May 27, 2020.
             Slain by a kobold (1 damage)
             ... on level 1 of the Dungeon.
             The game lasted 00:00:45 (573 turns).

Lugonue the Stinger (Demonspawn Venom Mage)          Turns: 573, Time: 00:00:46

Health: 0/19       AC:  3    Str:  8    XL:     2   Next: 3%
Magic:  2/5        EV: 12    Int: 16    God:
Gold:   4          SH:  0    Dex: 13    Spells: 4/5 levels left

rFire    . . .     SeeInvis .   (no weapon)
rCold    . . .     Gourm    .   (no shield)
rNeg     . . .     Faith    .   a - +0 robe
rPois    .         Spirit   .   (no helmet)
rElec    .         Reflect  .   (no cloak)
rCorr    .         Harm     .   (no gloves)
MR       .....                  d - +0 pair of boots
Stlth    +++.......             (no amulet)
HPRegen  0.06/turn              (no ring)
MPRegen  0.09/turn              (no ring)

@: no status effects
A: nightstalker 1
a: no special abilities


You were on level 1 of the Dungeon.
You were not hungry.

You visited 1 branch of the dungeon, and saw 1 of its levels.

You collected 4 gold pieces.

Inventory:

Armour
 a - a +0 robe (worn)
 d - a +0 pair of boots (worn)
Scrolls
 e - a scroll of blinking {unknown}
Comestibles
 b - 3 chunks of flesh
 c - a ration


   Skills:
 + Level 2.1 Dodging
 + Level 1.7 Stealth
 + Level 0.1 Unarmed Combat
 + Level 2.0 Spellcasting
 + Level 0.8 Transmutations
 + Level 3.3 Poison Magic


You had 4 spell levels left.
You knew the following spells:

 Your Spells              Type           Power        Failure   Level  Hunger
a - Sting                 Tmut/Pois      #...         9%          1    #......

Your spell library contained the following spells:

 Spells                   Type           Power        Failure   Level  Hunger
 Poisonous Vapours        Pois/Air       #.....       16%         2    ###....
 Ignite Poison            Fire/Tmut/Pois #.......     34%         3    ###....
 Mephitic Cloud           Conj/Pois/Air  #.......     36%         3    ###....
 Olgreb's Toxic Radiance  Pois           ##......     47%         4    #####..


Dungeon Overview and Level Annotations

Branches:
Dungeon (1/15)

Altars:


Innate Abilities, Weirdness & Mutations

You are slightly more attuned to the shadows.


Message History

Unknown command.
You hit the kobold but do no damage.
The kobold is severely wounded.
The kobold hits you.
* * * LOW HITPOINT WARNING * * *
You closely miss the kobold.
The kobold is severely wounded.
The kobold misses you. The kobold barely misses you.
The kobold barely misses you. The kobold barely misses you.
The kobold hits you but does no damage. The kobold hits you.
* * * LOW HITPOINT WARNING * * *
The kobold barely misses you. The kobold barely misses you.
The kobold closely misses you. The kobold closely misses you.
The kobold hits you.
You die...

#.# #.# ### #.###.##### ..#
#.#.......# ..# #.#.......#
..###########.........########
............#♣.♣......#.......
.#..........##........#.K.....
.#..........#♣.♣#♣...##.......
..........## #..@Kg#..(....#
##.........##♣÷♣#♣####.....#
#......#....#.# #(.#..#
#......###..♣.♣.# ..## .#
##....[....#.....# (.# (.
........##.#.....# ..#. .^
####.#####.##....# .. . P
#####..# #. #....# ... #
....######. #......


You could see a hobgoblin and a kobold.

Vanquished Creatures
  A dart slug (D:1)
  A giant cockroach (D:1)
  A goblin (D:1)
  2 bats (D:1)
  A kobold (D:1)
  2 rats (D:1)
8 creatures vanquished.

Notes
Turn   | Place    | Note
-------+----------+-------------------------------------------
     0 | D:1      | Lugonue the Demonspawn Venom Mage began the quest for the
                  | Orb.
     0 | D:1      | Reached XP level 1. HP: 13/13 MP: 3/3
   550 | D:1      | Gained mutation: You are slightly more attuned to the
                  | shadows. [demonic ancestry]
   550 | D:1      | Reached XP level 2. HP: 13/19 MP: 0/5
   573 | D:1      | Slain by a kobold

Illustrated notes

Levels and vault maps discovered:
D:1:      dpeg_arrival_oval, layout_rooms, serial_forest,
          infiniplex_forest_clump_curved, infiniplex_forest_straight_3,
          infiniplex_forest_clump_cross, infiniplex_forest_clump_long,
          infiniplex_forest_lined_3_way

Skill      XL: |  1 |
---------------+----+-----
Dodging        | 2 |  2.1
Stealth        | |  1.7
Unarmed Combat | |  0.1
Spellcasting   | |  2.0
Transmutations | |  0.8
Poison Magic   | |  3.3

Action                   || total
-------------------------++-------
Melee: Unarmed           ||    46
 Cast: Sting             ||    10
 Stab: Sleeping          ||     1
Armor: Robe              ||    18
Dodge: Dodged            ||    46

Table legend:
 A = Non-vault XP
 B = Vault XP
 C = Vault XP percentage of total XP
 D = Non-vault monster count
 E = Vault monster count
 F = Vault count percentage of total count
                 A         B        C        D         E       F
            +---------+---------+-------+---------+---------+-------
      Total |      13 |       0 |   0.0 |       8 |       0 |   0.0
            +---------+---------+-------+---------+---------+-------
        D:1 |      13 |       0 |   0.0 |       8 |       0 |   0.0
            +---------+---------+-------+---------+---------+-------
